 Dungeon Crawl Stone Soup version 0.29.1-2-gbd0b4ee654 (webtiles) character file.

Game seed: 12058726159239883946

88 qeuew the Trooper (level 4, -1/35 HPs)
             Began as a Demonspawn Chaos Knight on Nov 15, 2022.
             Was a Plaything of Xom.
             Slain by a quasit (2 damage)
             ... summoned by Xom
             ... on level 3 of the Dungeon.
             The game lasted 00:04:18 (2187 turns).

qeuew the Trooper (Demonspawn Chaos Knight)         Turns: 2187, Time: 00:04:18

Health: -1/35      AC:  8    Str: 13      XL:     4   Next: 30%
Magic:  4/4        EV: 11    Int: 12      God:    Xom [....*.]
Gold:   48         SH:  0    Dex: 14 (17) Spells: 3/3 levels left

rFire   . . .      SeeInvis +   a - +0 hand axe (chaos)
rCold   . . .      Faith    .   (no shield)
rNeg    . . .      Spirit   .   e - +0 ring mail
rPois   .          Reflect  .   (no helmet)
rElec   .          Harm     .   (no cloak)
rCorr   .          Rampage  .   c - +1 pair of gloves
Will    .....                   (no boots)
Stlth   +.........              (no amulet)
HPRegen 0.11/turn               (no ring)
MPRegen 0.09/turn               (no ring)

@: no status effects
A: hooves 1, sharp scales 1, see invisible, agile 1, subdued magic 1
a: Renounce Religion


You were on level 3 of the Dungeon.
You worshipped Xom.
You were a beloved toy of Xom.
You visited 1 branch of the dungeon, and saw 3 of its levels.

You collected 60 gold pieces.
You spent 12 gold pieces at shops.

Inventory:

Hand Weapons
 a - a +0 hand axe of chaos (weapon)
Missiles
 g - a throwing net
Armour
 c - a +1 pair of gloves (worn)
 e - a +0 ring mail (worn)


   Skills:
 + Level 3.5 Fighting
 + Level 3.2 Axes
 + Level 2.4 Armour
 + Level 1.8 Dodging
 + Level 1.4 Evocations


You had 3 spell levels left.
You didn't know any spells.
Your spell library contained the following spells:

 Spells                   Type           Power      Damage    Failure   Level
 Gell's Gravitas          Tloc           0%         N/A       88%         3
 Lesser Beckoning         Tloc           0%         N/A       88%         3
 Teleport Other           Tloc           0%         N/A       88%         3


Dungeon Overview and Level Annotations

Branches:
Dungeon (3/15)

Altars:

Shops:
D:1 !


Innate Abilities, Weirdness & Mutations

You have large cloven feet.
You are partially covered in razor-sharp scales. (AC +1, Slay +1)
You have supernaturally acute eyesight. (SInv)
You are agile. (Dex +4, Str/Int -1)
Your spells are a little easier to cast, but a little less powerful.


Message History

The quasit claws you but does no damage. x2
You hit the quasit but do no damage.
The quasit is lightly wounded.
The quasit closely misses you. The quasit completely misses you.
The quasit barely misses you. The quasit misses you.
The quasit barely misses you. x2
You hit the quasit but do no damage. The quasit barely misses you. x2
The quasit closely misses you.
You miss the quasit. Your kick misses the quasit.
The quasit closely misses you.
The quasit claws you but does no damage. x2
The quasit bites you but does no damage.
The quasit misses you.
The quasit claws you but does no damage.
You hit the quasit.
The quasit resists with some effort.
Your kick misses the quasit.
The quasit is lightly wounded.
The quasit closely misses you. x2
The quasit claws you but does no damage.
You barely miss the quasit.
The quasit is lightly wounded.
The quasit closely misses you.
The quasit claws you but does no damage. x2
The quasit barely misses you. The quasit closely misses you.
The quasit misses you.
You hit the quasit but do no damage.
The quasit resists with some effort.
Your kick misses the quasit.
The quasit is lightly wounded.
The quasit bites you.
* * * LOW HITPOINT WARNING * * *
The quasit closely misses you.
The quasit claws you but does no damage.
You hit the quasit but do no damage.
The quasit seems to speed up.
Xom is highly amused!
The quasit is lightly wounded.
The quasit barely misses you.
The quasit claws you but does no damage.
The quasit closely misses you. The quasit bites you.
You die... "Huh?
Did I miss anything?"

####### ##.#
#.....# ....#
#.....######....#
#......†.........
#.....##...#.#.#
####>....##.)...#
........###...###
######5.# ##<##
#.@# #.# #..# #.#
..... #.# ###..#.
#.# ........#
##... #### ##..
....


You could see a quasit (summoned, fast).

Vanquished Creatures
  A hound (D:3)
  An adder (D:2)
  A worm (D:2)
  3 dart slugs
  A ball python (D:3)
  4 endoplasms
  2 giant cockroaches
  5 goblins
  3 hobgoblins (D:1)
  2 kobolds (D:2)
  4 quokkas
  3 bats (D:1)
  2 frilled lizards
  6 rats
38 creatures vanquished.

Notes
Turn   | Place    | Note
-------+----------+-------------------------------------------
     0 | D:1      | qeuew the Demonspawn Chaos Knight began the quest for the
                  | Orb.
     0 | D:1      | Reached XP level 1. HP: 18/18 MP: 1/1
    86 | D:1      | Reached skill level 1 in Dodging
   233 | D:1      | Gained mutation: You have large cloven feet. [demonic
                  | ancestry]
   233 | D:1      | Reached XP level 2. HP: 20/24 MP: 2/2
   332 | D:1      | Found a faded altar of an unknown god.
   533 | D:1      | XOM: divination: magic mapping
   547 | D:1      | XOM: divination: detect items
   616 | D:1      | Found Onucsoh's Distillery.
   624 | D:1      | Bought a potion of degeneration for 12 gold pieces
   751 | D:1      | XOM: divination: detect items
   828 | D:1      | XOM: silly message
   845 | D:1      | XOM: silly message
  1111 | D:2      | XOM: silly message
  1140 | D:2      | Reached skill level 1 in Evocations
  1140 | D:2      | Gained mutation: You are partially covered in razor-sharp
                  | scales. (AC +1, Slay +1) [demonic ancestry]
  1140 | D:2      | Reached XP level 3. HP: 24/29 MP: 3/3
  1359 | D:2      | XOM: silly message
  1854 | D:2      | XOM: silly message
  2067 | D:2      | Gained mutation: You have supernaturally acute eyesight.
                  | (SInv) [potion of mutation]
  2067 | D:2      | Gained mutation: Your spells are a little easier to cast,
                  | but a little less powerful. [potion of mutation]
  2067 | D:2      | Gained mutation: You are agile. (Dex +4, Str/Int -1)
                  | [potion of mutation]
  2087 | D:3      | Reached XP level 4. HP: 31/35 MP: 4/4
  2147 | D:3      | XOM: enchant monster (bad)
  2165 | D:3      | XOM: summons 3 hostile demons
  2177 | D:3      | HP: 1/35 [quasit[Xom] (1)]
  2186 | D:3      | HP: 1/35 [quasit[Xom] (1)]
  2187 | D:3      | Slain by a quasit

Illustrated notes

Levels and vault maps discovered:
D:1:      psy_arrival_heroes, layout_loops_ring, serial_shops, shop,
          dreamdust_ecumenical_altar_grove, minmay_splitting_lines
D:2:      layout_basic, kennysheep_generic_room_8
D:3:      minmay_wonky_spiral, layout_loops_ring,
          gammafunk_temple_overflow_wave, serial_bayou_pond_d

Skill      XL: |  1  2  3 |
---------------+----------+-----
Dodging        | 1 |  1.8
Armour         | 2 |  2.4
Evocations     | 1 |  1.4
Axes           | 3 |  3.2
Fighting       | |  3.5

Action                   |  1- 3 |  4- 6 || total
-------------------------+-------+-------++-------
Melee: Hand axe          |    97 |    34 ||   131
       Kick              |    16 |     6 ||    22
       Punch             |     1 |       ||     1
  Use: Scroll            |     4 |       ||     4
       Potion            |     5 |     1 ||     6
Armor: Leather armour    |     5 |       ||     5
       Ring mail         |    24 |    42 ||    66
Dodge: Dodged            |    53 |    55 ||   108
